 Dungeon Crawl Stone Soup version 0.26-a0-540-g8a0c9464d7 (webtiles) character file.

Game seed: 11694861458321091264

396 hickop the Chiller (level 6, -3/53 HPs)
             Began as an Ogre Ice Elementalist on Aug 17, 2020.
             Killed by nerve-wracking pain
             ... invoked by an orc priest
              (14 damage)
             ... on level 4 of the Dungeon.
             The game lasted 00:26:51 (3545 turns).

hickop the Chiller (Ogre Ice Elementalist)          Turns: 3545, Time: 00:26:52

Health: -3/53      AC:  5    Str: 13    XL:     6   Next: 83%
Magic:  9/12       EV: 10    Int: 17    God:
Gold:   132        SH:  0    Dex: 10    Spells: 13/14 levels left

rFire    . . .     SeeInvis .   r - +0 hunting sling
rCold    . . .     Faith    .   (no shield)
rNeg     . . .     Spirit   .   a - +0 robe
rPois    .         Reflect  .   (helmet restricted)
rElec    .         Harm     .   q - +1 cloak {Stlth+}
rCorr    .                      (gloves unavailable)
MR       .....                  (boots unavailable)
Stlth    ++........             (no amulet)
HPRegen  0.17/turn              v - ring of flight
MPRegen  0.13/turn              (no ring)

@: flying
A: large, unfitting armour, tough skin 1
a: Stop Flying


You were on level 4 of the Dungeon.
You visited 1 branch of the dungeon, and saw 4 of its levels.

You collected 132 gold pieces.

Inventory:

Hand Weapons
 l - a +0 quarterstaff
 p - a +3 quarterstaff of chaos
 r - a +0 hunting sling (weapon)
 s - a +1 vorpal war axe
Missiles
 e - 105 stones (quivered)
 n - 20 poisoned darts
Armour
 a - a +0 robe (worn)
 q - a +1 cloak of stealth (worn)
Jewellery
 v - a ring of flight (left hand)
 w - an uncursed amulet of regeneration {unknown}
Scrolls
 b - a scroll of fog
 c - 2 scrolls of amnesia
 f - a scroll of magic mapping
 g - 2 scrolls of teleportation {unknown}
 h - 4 scrolls of remove curse
 k - a scroll of noise {unknown}
 m - 2 scrolls of enchant armour {unknown}
 u - 2 scrolls of blinking {unknown}
Potions
 j - a potion of ambrosia
 o - a potion of stabbing {unknown}
 t - a potion of might {unknown}


   Skills:
 - Level 0.2 Fighting
   Level 0.4 Maces & Flails
 - Level 0.9(1.0) Slings
 + Level 0.4(1.0) Throwing
 * Level 3.0 Dodging
 - Level 1.4 Stealth
 + Level 4.6 Spellcasting
 + Level 5.1 Ice Magic
 + Level 1.4 Evocations


You had 13 spell levels left.
You knew the following spells:

 Your Spells              Type           Power        Failure   Level
a - Freeze                Ice            ###.         1%          1

Your spell library contained the following spells:

 Spells                   Type           Power        Failure   Level
 Frozen Ramparts          Ice            ###...       5%          3
 Ozocubu's Armour         Ice            ###.....     5%          3
 Hailstorm                Conj/Ice       ##......     45%         4
 Summon Ice Beast         Ice/Summ       ##......     45%         4


Dungeon Overview and Level Annotations

Branches:
Dungeon (4/15)
 Temple: D:4-7

Altars:

Annotations:
D:3 1 runed translucent door, aaksess's ghost, amateur TeFE


Innate Abilities, Weirdness & Mutations

You are too large for most types of armour.
You have tough skin. (AC +1)


Message History

You are very lightly contaminated with residual magic.
Nothing appears to happen.
The orc priest hits you with a +0 flail!
* * * LOW HITPOINT WARNING * * *
The ogre hits you but does no damage.
The orc priest hits you with a +0 flail!
* * * LOW HITPOINT WARNING * * *
Your magical contamination has completely faded away.
You feel better.
The orc priest hits you with a +0 flail.
* * * LOW HITPOINT WARNING * * *
You fail to use your ability.
The ogre barely misses you.
You feel very buoyant.
You fly up into the air.
The orc priest barely misses you. The ogre barely misses you.
The orc priest mumbles some strange prayers to Beogh against you.
You struggle to resist.
The orc priest invokes the aid of Beogh against you.
Pain shoots through your body!
You die...

#................# #
.....##...........####.#
.................##...
.###..##.........##.#
##...............#
###........o..### .
#.........O.##
#.#####............##
#....##.........@...##
####...#.............#####
.................##......#######
......##.#...#.#.......#..<....#
.........###.#.#####.#.........#
........## #...# #.##........#
.......## ##. #.###.......#
.......#### #.# #.......#
......†...### #.###.......#


You could see an ogre and an orc priest.

Vanquished Creatures
  A bullfrog (D:3)
  A howler monkey (D:4)
  An orc priest (D:3)
  A hound (D:4)
  An orc wizard (D:4)
  Crazy Yiuf (D:3)
  Natasha (D:3)
  An iguana (D:4)
  3 adders
  A howler monkey skeleton (D:4)
  A shadow imp (D:4)
  2 oozes
  A dart slug (D:1)
  7 orcs
  6 giant cockroaches
  7 goblins
  9 hobgoblins
  2 quokkas
  A ball python (D:4)
  4 bats
  3 frilled lizards
  11 kobolds
  12 rats
78 creatures vanquished.

Notes
Turn   | Place    | Note
-------+----------+-------------------------------------------
     0 | D:1      | hickop the Ogre Ice Elementalist began the quest for the
                  | Orb.
     0 | D:1      | Reached XP level 1. HP: 16/16 MP: 3/3
   373 | D:1      | Reached XP level 2. HP: 18/24 MP: 1/5
   414 | D:1      | Reached skill level 4 in Ice Magic
   739 | D:1      | Reached XP level 3. HP: 31/31 MP: 5/7
  1145 | D:2      | Found a faded altar of an unknown god.
  1711 | D:2      | Reached XP level 4. HP: 29/39 MP: 3/8
  2339 | D:3      | Noticed a bullfrog
  2359 | D:3      | Killed a bullfrog
  2359 | D:3      | Reached XP level 5. HP: 16/45 MP: 3/10
  2562 | D:3      | Found a runed translucent door.
  2608 | D:3      | Found a runed translucent door.
  2609 | D:3      | Noticed Crazy Yiuf
  2619 | D:3      | Killed Crazy Yiuf
  2673 | D:3      | Noticed aaksess's ghost (amateur TeFE)
  2732 | D:3      | Reached skill level 5 in Ice Magic
  2945 | D:3      | Noticed Natasha
  2956 | D:3      | Killed Natasha
  2956 | D:3      | Reached XP level 6. HP: 30/53 MP: 6/12
  3408 | D:4      | Reached skill level 1 in Evocations
  3545 | D:4      | Killed from afar by an orc priest

Illustrated notes

Levels and vault maps discovered:
D:1:      minmay_arrival_three_doors, layout_loops_cross,
          chequers_serial_rivers_small_a
D:2:      minmay_kobold_bridge, layout_basic, chequers_ecumenical_altar_lobes
D:3:      layout_rooms, ebering_ghost_sewer_d, serial_bayou_pond_d,
          uniq_crazy_yiuf_cottage, uniq_natasha
D:4:      layout_rooms

Skill      XL: |  1  2  3  4  5  6 |
---------------+-------------------+-----
Ice Magic      | 4 5 |  5.1
Spellcasting   | 3 4 |  4.6
Dodging        | 2 3 |  3.0
Evocations     | 1 |  1.4
Fighting       | |  0.2
Maces & Flails | |  0.4
Slings         | |  0.9
Throwing       | |  0.4
Stealth        | |  1.4

Action                   |  1- 3 |  4- 6 || total
-------------------------+-------+-------++-------
Melee: Whip              |    11 |       ||    11
       Quarterstaff      |       |     5 ||     5
 Fire: Hunting sling     |       |    56 ||    56
 Cast: Freeze            |    55 |    60 ||   115
 Abil: Evoke Flight      |       |     1 ||     1
  Use: Scroll            |     1 |     6 ||     7
       Potion            |       |     2 ||     2
Armor: Robe              |    12 |    18 ||    30
Dodge: Dodged            |    16 |    38 ||    54

Table legend: (Time is in decaauts)
 A = Elapsed time spent in this place.
 B = Non-inter-level travel time spent in this place.
 C = Inter-level travel time spent in this place.
 D = Time resting spent in this place.
 E = Time spent auto-exploring this place.
 F = Levels seen in this place.
 G = Mean time per level.
                   A        B        C        D        E       F      G
               +--------+--------+--------+--------+--------+-----+--------+
         Total |   3562 |   3488 |     74 |    171 |   2440 |   4 |  890.5 |
       Dungeon |   3562 |   3488 |     74 |    171 |   2440 |   4 |  890.5 |
               +--------+--------+--------+--------+--------+-----+--------+

Top non-repeatable levels by time:
     D:2: 1191 daAuts
     D:1: 1131 daAuts
     D:3: 1016 daAuts
     D:4: 222 daAuts
